 Dungeon Crawl Stone Soup version 0.15-a0-429-gf5d7e11 (webtiles) character file.

355 PolkaDot the Insei (level 5, -1/37 HPs)
             Began as a Vampire Transmuter on May 6, 2014.
             Slain by a phantom (3 damage)
             ... on Level 4 of the Dungeon.
             The game lasted 00:09:48 (2407 turns).

PolkaDot the Insei (Vampire Transmuter)             Turns: 2407, Time: 00:09:48

HP  -1/37        AC  4     Str 14      XL: 5   Next: 33%
MP   9/9         EV 14     Int 15      God:
Gold 176         SH  0     Dex 15      Spells:  2 memorised,  2 levels left

rFire  . . .     SeeInvis +       - Unarmed
rCold  . . .     Clarity  .     c - +0 robe
rNeg   . . .     Conserve .     (no shield)
rPois  .         rCorr    .     (no helmet)
rElec  .         rRot     .     (no cloak)
SustAb . .       Spirit   .     (no gloves)
rMut   .         Warding  .     (no boots)
Saprov . . .     Stasis   .     (no amulet)
MR     .....                    (no ring)
                                r - +2 ring of protection

@: regenerating quickly, invisible, mighty, lethally poisoned, very slightly
contaminated, not resistant to hostile enchantments, very unstealthy
A: fangs 3, see invisible, unbreathing
a: no special abilities


You were on level 4 of the Dungeon.
You were very full.

You visited 1 branch of the dungeon, and saw 4 of its levels.

You collected 176 gold pieces.

Inventory:

Hand weapons
 i - a +0,+0 dagger
Missiles
 b - 12 arrows
Armour
 c - a +0 robe (worn)
Scrolls
 a - a scroll of blinking {unknown}
 e - a scroll of fear {unknown}
 f - a scroll of identify
 g - 2 scrolls of remove curse {unknown}
 h - a scroll of enchant armour {unknown}
 j - a scroll of teleportation {unknown}
 p - a scroll of random uselessness {unknown}
 q - a scroll of fog {unknown}
Jewellery
 r - a +2 ring of protection (left hand)
Books
 d - a book of Changes

   Spells                             Type                      Level
   *Beastly Appendage                 Transmutation                1
   Sticks to Snakes                   Transmutation                2
   Spider Form                        Transmutation/Poison         3
   Ice Form                           Ice/Transmutation            4
   *Blade Hands                       Transmutation                5
 l - a book of the Dragon

   Spells                             Type                      Level
   Flight                             Charms/Air                   3
   Cause Fear                         Hexes                        4
   Bolt of Fire                       Conjuration/Fire             6
   Dragon Form                        Transmutation                7
   Dragon's Call                      Summoning                    9
 o - a book of Burglary

   Spells                             Type                      Level
   Swiftness                          Charms/Air                   2
   Passwall                           Transmutation/Earth          3
   Passage of Golubria                Translocation                4
   Lee's Rapid Deconstruction         Earth                        5
   Invisibility                       Hexes                        6
   Darkness                           Hexes                        7


   Skills:
 - Level 1.0 Fighting
 + Level 3.7 Dodging
 * Level 5.4 Unarmed Combat
 - Level 2.0 Spellcasting
 + Level 3.1 Transmutations


You had 2 spell levels left.
You knew the following spells:

 Your Spells              Type           Power        Failure   Level  Hunger
a - Beastly Appendage     Trmt           ##....       8%          1    #......
b - Blade Hands           Trmt           ##........   99%         5    ######.


Dungeon Overview and Level Annotations

Branches:
Dungeon (4/15)
 Temple: D:4-7

Altars:


Innate Abilities, Weirdness & Mutations

Your natural rate of healing is unusually fast.
You have razor-sharp teeth.*
You have supernaturally acute eyesight.
You can survive without breathing.*


Message History

* * * LOW HITPOINT WARNING * * *
You feel sick. The phantom barely misses you. The worker ant misses you.
You barely miss the worker ant.
The worker ant is almost dead.
* * * LOW HITPOINT WARNING * * *
You feel sick. The worker ant closely misses you.
The phantom completely misses you.
You hit the worker ant.
You kill the worker ant!
* * * LOW HITPOINT WARNING * * *
You feel sick. The phantom misses you.
Drink which item? (? for menu, Esc to quit)
You feel very mighty all of a sudden.
* * * LOW HITPOINT WARNING * * *
You feel sick. The phantom closely misses you.
You closely miss the phantom.
The phantom is lightly damaged.
* * * LOW HITPOINT WARNING * * *
You feel sick. The phantom hits you.
You die...

.... #...... #.......
#........ #.. #........#
.##### #..####........#
...... ................
.... ................).
#..# #...@W....# #..#
#.........# #..#
#.......!.#
##..#########.........#
.........%..............
.........).....%........
####..#####...........##
#..# #...........# #..#
#...........#


You could see a phantom.

Vanquished Creatures
  A worker ant (D:4)
  A giant mite (D:2)
  7 adders
  A worm (D:2)
  A giant gecko (D:3)
  An ooze (D:4)
  5 orcs
  10 bats
  A giant cockroach (D:3)
  13 goblins
  8 hobgoblins
  6 jackals
  A quokka (D:2)
  7 giant newts
  9 kobolds
  8 rats
80 creatures vanquished.

Notes
Turn   | Place    | Note
--------------------------------------------------------------
     0 | D:1      | PolkaDot, the Vampire Transmuter, began the quest for the Orb.
     0 | D:1      | Reached XP level 1. HP: 14/14 MP: 3/3
     2 | D:1      | Learned a level 1 spell: Beastly Appendage
    27 | D:1      | Reached skill level 1 in Fighting
   161 | D:1      | Reached XP level 2. HP: 12/21 MP: 4/4
   534 | D:2      | Reached skill level 4 in Unarmed Combat
   534 | D:2      | Reached XP level 3. HP: 8/26 MP: 6/6
  1046 | D:2      | Reached XP level 4. HP: 27/32 MP: 5/7
  1688 | D:3      | Reached skill level 5 in Unarmed Combat
  1883 | D:3      | Reached XP level 5. HP: 10/37 MP: 6/9
  2383 | D:4      | Learned a level 5 spell: Blade Hands
  2384 | D:4      | Noticed a phantom
  2407 | D:4      | Slain by a phantom

Action                   |  1- 3 |  4- 6 || total
-------------------------+-------+-------++-------
Melee: Unarmed           |   138 |   137 ||   275
 Cast: Beastly Appendage |     5 |     5 ||    10
  Use: Potion            |     2 |     5 ||     7
       Scroll            |       |     1 ||     1
 Stab: Sleeping          |       |     1 ||     1
